 Dungeon Crawl Stone Soup version 0.27.1-33-g824d729ab1 (webtiles) character file.

Game seed: 9666196082223119629

24793 McKennaii the Destroyer (level 12, -2/81 HPs)
             Began as a Demigod Conjurer on Dec 7, 2021.
             Killed by divine providence
             ... invoked by a sphinx
              (15 damage)
             ... on level 12 of the Dungeon.
             The game lasted 00:27:54 (17389 turns).

McKennaii the Destroyer (Demigod Conjurer)         Turns: 17389, Time: 00:27:55

Health: -2/81      AC:  9    Str:  8    XL:     12   Next: 49%
Magic:  10/33      EV: 13    Int: 36    God:
Gold:   211        SH:  5    Dex: 12    Spells: 29/36 levels left

rFire    + . .     SeeInvis .   z - +6 flail (protect)
rCold    . . .     Faith    .   (no shield)
rNeg     . . .     Spirit   .   a - +0 robe
rPois    .         Reflect  +   k - +0 helmet
rElec    .         Harm     .   K - +0 cloak
rCorr    .         Rampage  .   c - +0 pair of gloves
Will     +....                  (no boots)
Stlth    ++........             g - amulet of reflection
HPRegen  0.23/turn              f - +4 ring of protection
MPRegen  0.23/turn              l - ring of protection from fire

@: very slightly contaminated
A: high mp 1, forlorn
a: no special abilities


You were on level 12 of the Dungeon.
You visited 1 branch of the dungeon, and saw 12 of its levels.

You collected 684 gold pieces.
You spent 473 gold pieces at shops.

Inventory:

Hand Weapons
 z - a +6 flail of protection (weapon)
 D - a +3 spear of venom
Armour
 a - a +0 robe (worn)
 c - a +0 pair of gloves (worn)
 e - the +6 scale mail "Vanloaf" {Rampage rF+ Str+4 Dex+4}
   (You found it on level 12 of the Dungeon)

   Str:       It affects your strength (+4).
   Dex:       It affects your dexterity (+4).
   rF:        It protects you from fire.
   Rampage:   It bestows one free step when moving towards enemies.
 k - a +0 helmet (worn)
 K - a +0 cloak (worn)
Magical Staves
 O - a staff of death
Jewellery
 f - a +4 ring of protection (left hand)
 g - an amulet of reflection (around neck)
 l - a ring of protection from fire (right hand)
 m - a ring of see invisible
 y - a ring of ice
 H - a ring of poison resistance
 N - a +6 ring of strength
Wands
 A - a wand of digging (6)
 B - a wand of iceblast (3)
 I - a wand of flame (17)
 J - a wand of mindburst (2)
Scrolls
 b - 7 scrolls of teleportation
 d - 2 scrolls of silence
 h - 2 scrolls of identify
 i - 3 scrolls of magic mapping
 j - 3 scrolls of brand weapon
 o - 2 scrolls of vulnerability
 q - 3 scrolls of enchant weapon
 t - 5 scrolls of noise
 v - 2 scrolls of enchant armour
 w - a scroll of fear
 x - a scroll of fog {unknown}
 L - a scroll of torment {unknown}
Potions
 n - 2 potions of cancellation
 p - 5 potions of haste
 r - 8 potions of curing
 s - a potion of flight
 u - 5 potions of might
 C - 2 potions of degeneration
 E - a potion of berserk rage
 F - 2 potions of invisibility
 G - 2 potions of brilliance {unknown}
 M - a potion of ambrosia


   Skills:
 - Level 4.0 Dodging
 - Level 1.7 Stealth
 + Level 12.5 Spellcasting
 - Level 14.0 Conjurations
 - Level 2.0 Translocations


You had 29 spell levels left.
You knew the following spells:

 Your Spells              Type           Power      Damage    Failure   Level
a - Magic Dart            Conj           100%       1d8       0%          1
b - Searing Ray           Conj           100%       3d7       0%          2
c - Iskenderun's Mystic   Conj/Tloc      69%        2d14      1%          4

Your spell library contained the following spells:

 Spells                   Type           Power      Damage    Failure   Level
 Dazzling Flash           Conj/Hex       100%       N/A       1%          3
 Fulminant Prism          Conj/Hex       32%        3d16      1%          4
 Corpse Rot               Necr/Air       N/A        N/A       2%          2
 Gell's Gravitas          Tloc           18%        N/A       2%          3
 Lesser Beckoning         Tloc           18%        N/A       2%          3
 Teleport Other           Tloc           37%        N/A       2%          3
 Excruciating Wounds      Necr           11%        N/A       45%         5


Dungeon Overview and Level Annotations

Branches:
Dungeon (12/15)            Temple (0/1) D:4            Lair (0/6) D:11
    Orc (0/2) D:10

Shops:
D:6 *   D:7 :   D:11 ([!

Portals:
Trove: D:11 (give 16 potions of curing)

Annotations:
D:7 1 runed translucent door, TangoThomas's ghost, novice MfDe
D:10 2 transporters


Innate Abilities, Weirdness & Mutations

Your attributes grow dramatically as you level up.
You have an increased reservoir of magic. (+10% MP)
You shall have no god before yourself.


Message History

Unknown command.
The searing ray hits the manticore!
The manticore is severely wounded.
The searing ray hits the sphinx!
The sphinx is heavily wounded.
You finish channeling your searing ray.
The sphinx casts a spell.
Something smites you! The manticore misses you. The manticore claws you.
You block the manticore's attack.
Casting: Searing Ray (safe; 0% risk of failure)
Confirm with . or Enter, or press ? or * to list all spells.
You miscast Iskenderun's Mystic Blast.
You are very lightly contaminated with residual magic.
Nothing appears to happen.
The sphinx mumbles some strange words.
The sphinx is healed somewhat.
The manticore bites you!!
* * * LOW HITPOINT WARNING * * *
The manticore claws you but does no damage. x2
Unknown command.
Casting: Iskenderun's Mystic Blast (mildly dangerous; 1% risk of failure)
Confirm with . or Enter, or press ? or * to list all spells.
You erupt in a blast of force!
The mystic blast hits the sphinx!
The sphinx is heavily wounded.
The sphinx is knocked back by the mystic blast.
The sphinx slams into the stone wall!
The mystic blast hits the manticore!!
You kill the manticore!
Aiming: Mindburst
Press: ? - help, Shift-Dir - straight line, f/p - sphinx
Aim: a sphinx (heavily wounded, chance to affect: 30%)
Okay, then.
Unknown command.
Casting: Iskenderun's Mystic Blast (mildly dangerous; 1% risk of failure)
Confirm with . or Enter, or press ? or * to list all spells.
You erupt in a blast of force!
The mystic blast hits the sphinx!
The sphinx is severely wounded.
The sphinx is knocked back by the mystic blast.
The sphinx slams into the stone wall!
The sphinx casts a spell.
Something smites you!
You die...

#.♣♣♣♣#♣♣(♣♣#. #♣.♣
##♣'♣##( ###.♣♣
♣#..<..#.
#....♣♣♣'..8(.'. ##
#.#♣♣...#..>..#. #.
#.#♣♣♣♣.##♣'♣##. #H
#.#♣....# ♣.♣ #.
##W##.#♣.♣♣♣#♣♣.♣♣#.
#..@..#♣♣.♣♣#..♣..#.
#.♣♣♣.# ♣♣.♣#♣♣.♣♣#♣
# ..# ♣.♣♣ ♣.♣ ♣
###########♣.♣###
#.♣.♣.♣♣.♣♣[♣
#♣.♣.♣.♣.♣.♣.
#.♣.♣.♣...♣.♣
#♣.♣.♣.♣.♣.♣.
#.♣.♣.♣♣.♣♣.♣


You could see a sphinx and a wraith.

Vanquished Creatures
  2 boulder beetles (D:12)
  A death knight (D:11)
  A centaur warrior (D:12)
  3 two-headed ogres
  A deep elf pyromancer (D:12)
  A deep elf zephyrmancer (D:12)
  3 ugly things (D:12)
  4 cyclopes (D:12)
  4 manticores
  2 unseen horrors (D:12)
  A kobold demonologist (D:12)
  A komodo dragon (D:12)
  2 trolls
  A hornet (D:10)
  2 meliai zombies
  2 shadows
  2 wyverns (D:11)
  10 yaks
  A vampire (D:11)
  6 wraiths
  3 basilisks
  2 vampire mosquitoes (D:12)
  Menkaure (D:5)
  Edmund (D:5)
  2 acid dragons
  5 water moccasins
  3 orc warriors
  2 sky beasts
  A necrophage (D:7)
  2 ogres (D:6)
  A black bear (D:7)
  9 centaurs
  2 phantoms
  3 kobold brigands
  3 gnoll sergeants
  2 scorpions
  A water moccasin skeleton (D:4)
  10 killer bees (D:9)
  14 wights
  4 howler monkeys
  3 hounds
  14 centaur zombies
  A bullfrog skeleton (D:7)
  3 jellies
  3 orc priests
  A gnoll shaman (D:9)
  4 iguanas
  7 orc wizards
  Ijyb (D:3)
  A hound zombie (D:5)
  A howler monkey zombie (D:4)
  Robin (D:2)
  22 gnolls
  3 adders
  2 white imps (D:6)
  2 worms
  4 dart slugs
  25 orcs
  2 bats (D:1)
  6 endoplasms
  4 giant cockroaches
  23 goblins
  11 hobgoblins
  5 jackals
  19 kobolds
  7 quokkas
  8 ball pythons
  2 frilled lizards (D:3)
  4 rats (D:1)
310 creatures vanquished.

Notes
Turn   | Place    | Note
-------+----------+-------------------------------------------
     0 | D:1      | McKennaii the Demigod Conjurer began the quest for the Orb.
     0 | D:1      | Reached XP level 1. HP: 14/14 MP: 5/5
   349 | D:1      | Reached XP level 2. HP: 20/20 MP: 4/8
   396 | D:1      | Learned a level 2 spell: Searing Ray
  1018 | D:2      | Reached XP level 3. HP: 26/26 MP: 2/10
  1126 | D:2      | Noticed Robin
  1181 | D:2      | HP: 1/26 [Robin (7)]
  1187 | D:2      | Killed Robin
  1527 | D:2      | Reached XP level 4. HP: 31/33 MP: 6/12
  2600 | D:2      | You fall into a shaft and drop 1 floor!
  2903 | D:3      | Got the Catalogue of Doomed Malediction
  2925 | D:3      | Reached XP level 5. HP: 38/38 MP: 11/15
  3524 | D:3      | Noticed Ijyb
  3578 | D:3      | Killed Ijyb
  3579 | D:3      | Reached skill level 5 in Spellcasting
  3963 | D:4      | Found a staircase to the Ecumenical Temple.
  4148 | D:4      | Noticed a water moccasin
  4158 | D:4      | Killed a water moccasin
  4159 | D:4      | Reached XP level 6. HP: 39/45 MP: 5/18
  4249 | D:4      | Learned a level 4 spell: Iskenderun's Mystic Blast
  4639 | D:4      | Reached skill level 4 in Conjurations
  4978 | D:5      | Entered Level 5 of the Dungeon
  5105 | D:5      | Reached skill level 5 in Conjurations
  5105 | D:5      | Reached XP level 7. HP: 40/50 MP: 10/19
  5324 | D:5      | Noticed Edmund
  5337 | D:5      | Killed Edmund
  5338 | D:5      | Reached skill level 6 in Conjurations
  5504 | D:5      | Noticed Menkaure
  5507 | D:5      | Killed Menkaure
  5715 | D:5      | Reached skill level 7 in Conjurations
  6164 | D:6      | Reached XP level 8. HP: 57/57 MP: 13/20
  6211 | D:6      | Found Ruawa's CLEARANCE SALE! EVERYTHING MUST GO!.
  6292 | D:6      | Reached skill level 8 in Conjurations
  6648 | D:6      | Reached skill level 9 in Conjurations
  7327 | D:7      | Reached skill level 10 in Conjurations
  7377 | D:7      | Reached skill level 1 in Translocations
  7384 | D:7      | Reached XP level 9. HP: 57/62 MP: 6/21
  8223 | D:7      | Found Nehuklul's Book Shoppe.
  8242 | D:7      | Noticed TangoThomas's ghost (novice MfDe)
  8244 | D:7      | Found a runed translucent door.
 10350 | D:9      | Reached XP level 10. HP: 33/69 MP: 18/27
 10563 | D:10     | Entered Level 10 of the Dungeon
 10566 | D:10     | Paralysed by a hornet for 2 turns
 10860 | D:10     | Noticed a two-headed ogre
 10872 | D:10     | Killed a two-headed ogre
 10873 | D:10     | Reached skill level 10 in Spellcasting
 10976 | D:10     | Found a staircase to the Orcish Mines.
 11403 | D:10     | Found a transporter.
 11407 | D:10     | Noticed a cyclops
 11791 | D:10     | Noticed a cyclops
 11792 | D:10     | Found a transporter.
 11840 | D:11     | Noticed a manticore
 11934 | D:11     | Killed a manticore
 11935 | D:11     | Reached skill level 11 in Conjurations
 12360 | D:11     | Reached skill level 12 in Conjurations
 12592 | D:11     | Found a portal to a secret trove of treasure.
 12613 | D:11     | Found Jen Jedaoc's Antique Weapon Boutique.
 12646 | D:11     | Found Cumas's Distillery.
 12653 | D:11     | Bought a potion of heal wounds for 55 gold pieces
 12653 | D:11     | Bought a potion of curing for 33 gold pieces
 12653 | D:11     | Bought a potion of haste for 110 gold pieces
 12653 | D:11     | Bought a potion of curing for 33 gold pieces
 12653 | D:11     | Bought a potion of curing for 33 gold pieces
 12653 | D:11     | Bought a potion of flight for 33 gold pieces
 12653 | D:11     | Bought a potion of ambrosia for 88 gold pieces
 12653 | D:11     | Bought a potion of cancellation for 88 gold pieces
 12669 | D:11     | Reached XP level 11. HP: 50/74 MP: 15/29
 12906 | D:11     | Found Qoruw's Armour Shop.
 13371 | D:11     | Found a staircase to the Lair.
 13918 | D:12     | Noticed a death knight
 13971 | D:11     | Killed a death knight
 15508 | D:12     | Noticed a deep elf zephyrmancer
 15525 | D:12     | Killed a deep elf zephyrmancer
 15550 | D:12     | Noticed a centaur warrior
 15556 | D:12     | HP: 2/74 [centaur warrior/arrow (12)]
 16015 | D:12     | Noticed a two-headed ogre
 16020 | D:12     | Killed a two-headed ogre
 16021 | D:12     | Reached skill level 13 in Conjurations
 16021 | D:12     | Reached XP level 12. HP: 52/81 MP: 17/32
 16160 | D:12     | Noticed a boulder beetle
 16180 | D:12     | Killed a boulder beetle
 16545 | D:12     | Killed a centaur warrior
 16919 | D:12     | Noticed a boulder beetle
 16969 | D:12     | Killed a boulder beetle
 16970 | D:12     | Reached skill level 14 in Conjurations
 17001 | D:12     | Identified the +6 scale mail "Vanloaf" {Rampage rF+ Str+4
                  | Dex+4}
 17380 | D:12     | Noticed a sphinx
 17389 | D:12     | Killed from afar by a sphinx

Illustrated notes

Levels and vault maps discovered:
D:1:      lightli_arrival_flooded_house, layout_rooms,
          hellmonk_ecumenical_altar_lost_god
D:2:      layout_basic, uniq_robin
D:3:      kennysheep_goblin_castle, layout_basic
D:4:      layout_basic, minmay_temple_entry_glass, corexii_checkpoint_a,
          hangedman_abyss_or_decor_lesser_grid, nrook_mini_backslash
D:5:      layout_basic, uniq_edmund, uniq_menkaure
D:6:      layout_basic, nicolae_shop_clearance
D:7:      layout_basic, gammafunk_ghost_grave, serial_shops,
          nicolae_shop_crystal
D:8:      layout_basic
D:9:      layout_gridville, nicolae_overflow_crystal_walls, fountainhead
D:10:     gammafunk_beogh_shrine, layout_stronghold, orc_0_dummy
D:11:     layout_roguey, erik_lair_dragon, serial_shops,
          nicolae_take_the_stairs, shop, nicolae_diamond_shop,
          nicolae_trove_entry_isolated, nicolae_yredelemnul_corpse_copse
D:12:     nzn_winding_woodlands_stair_cross
          [nzn_winding_woodlands_5x15_sawtooth,
          nzn_winding_woodlands_center_lodge, nzn_winding_woodlands_5x15_jagged,
          nzn_winding_woodlands_5x5_open_star, nzn_winding_woodlands_5x5_cross,
          nzn_winding_woodlands_5x15_pockets,
          nzn_winding_woodlands_center_pierced_h,
          nzn_winding_woodlands_5x15_split_checker], layout_rooms,
          kennysheep_generic_room_12

Skill      XL: |  1  2  3  4  5  6  7  8  9 10 11 12 |
---------------+-------------------------------------+-----
Spellcasting   | 2 3 4 5 6 9 10 12 | 12.5
Conjurations   | 5 7 10 12 13 14 | 14.0
Translocations | 1 2 |  2.0
Dodging        | 3 4 |  4.0
Stealth        | |  1.7

Action                   |  1- 3 |  4- 6 |  7- 9 | 10-12 || total
-------------------------+-------+-------+-------+-------++-------
Melee: Unarmed           |    22 |     6 |       |       ||    28
       Flail             |       |       |     7 |    19 ||    26
 Cast: Magic Dart        |    72 |   168 |   149 |    70 ||   459
       Searing Ray       |     3 |    15 |    67 |    80 ||   165
       Iskenderun's Myst |       |       |     7 |    67 ||    74
Evoke: Wand              |       |       |       |    13 ||    13
  Use: Potion            |     3 |     1 |       |     3 ||     7
       Scroll            |       |       |       |    13 ||    13
 Stab: Sleeping          |       |     1 |       |       ||     1
Armor: Robe              |    17 |     7 |    26 |   100 ||   150
       Skin              |       |     2 |       |       ||     2
Dodge: Dodged            |    24 |    25 |    41 |   107 ||   197
Block: Other             |     7 |    10 |    15 |    43 ||    75
       Reflection        |       |     1 |     3 |     3 ||     7
